Map: Newkirk Precinct TE (Void)

Players

TRUE - Winner!

  • Race: Zerg Zerg
  • Spawn Location: 7:00

TIME (Oliveira)

  • Race: Terran Terran
  • Spawn Location: 5:00

Event: WCS Austin 2017

VOD

Have the link to the VOD?

Description

Time

  • Played on: April 28, 2017, 7:48 p.m.
  • Length: 10:00

All games in this series

Show
View Real Time Build Order
Export as new Build Order

TRUE Zerg - Winner!

Build Orders: Hatch First 

Get SALT Encoding   

  12  0:00  Drone  
  13  0:12  Overlord  
  13  0:17  Drone  
  14  0:31  Drone x2  
  14  0:35  Drone  
  17  0:52  Hatchery  
  17  0:56  Drone  
  17  1:09  Spawning Pool  
  17  1:10  Extractor  
  15  1:14  Drone  
  15  1:17  Drone  
  17  1:21  Drone  
  18  1:29  Drone  
  19  1:38  Overlord  
  19  1:55  Queen  
  19  1:56  Zergling x2  
  19  2:00  Zergling x2  
  23  2:03  Queen  
  23  2:04  Zergling x2  
  26  2:10  Metabolic Boost  
  26  2:13  Drone  
  28  2:15  Drone  
  29  2:22  Drone  
  29  2:25  Drone  
  30  2:32  Queen  
  30  2:35  Drone  
  33  2:38  Drone  
  33  2:44  Overlord  
  34  2:47  Drone  
  35  2:54  Drone  
  36  3:02  Drone x3  
  36  3:04  Drone  
  40  3:06  Drone  
  40  3:08  Drone  
  40  3:12  Overlord  
  42  3:13  Drone x2  
  44  3:28  Hatchery  
  44  3:33  Queen  
  45  3:38  Overlord  
  46  3:41  Zergling x6  
  46  3:44  Zergling x2, Evolution Chamber  
  46  3:46  Zergling x2  
  49  3:51  Spore Crawler  
  48  4:03  Drone x4  
  48  4:07  Drone  
  51  4:14  Zergling x2  
  51  4:16  Overlord  
  52  4:17  Lair, Zerg Ground Armor Level 1  
  52  4:23  Overlord  
  48  4:24  Zergling x8  
  48  4:26  Drone  
  48  4:30  Drone  
  48  4:31  Drone  
  52  4:34  Drone  
  53  4:39  Drone x2  
  53  4:41  Drone  
  56  4:47  Drone  
  56  4:48  Drone x3  
  56  4:50  Drone  
  56  4:51  Drone  
  56  4:52  Drone  
  63  4:54  Drone  
  63  4:57  Drone  
  64  5:02  Drone x2  
  64  5:03  Drone  
  63  5:12  Drone x2  
  64  5:16  Drone x4  
  64  5:19  Drone x3  
  65  5:24  Spire  
  65  5:25  Extractor  
  65  5:28  Drone x5  
  68  5:29  Drone  
  68  5:32  Extractor  
  68  5:34  Extractor  
  67  5:38  Zergling x4  
  67  5:40  Zergling x2  
  70  5:45  Extractor  
  70  5:46  Overlord  
  70  5:47  Overlord  
  69  5:50  Overlord  
  69  5:52  Overlord  
  68  5:58  Overlord  
  68  6:01  Overlord  
  68  6:02  Overlord  
  68  6:03  Queen x2  
  72  6:04  Overlord  
  72  6:05  Zergling x4  
  72  6:06  Zergling x4  
  72  6:07  Zergling x2  
  77  6:11  Zergling x2  
  77  6:12  Zergling x2  
  77  6:13  Zergling x2  
  80  6:19  Zergling x6  
  80  6:20  Zergling x6  
  80  6:21  Zergling x2  
  80  6:22  Zergling x2  
  80  6:23  Zergling x4  
  88  6:26  Zergling x2  
  88  6:27  Zergling x2  
  88  6:33  Zergling x2  
  88  6:39  Zergling x2  
  86  6:42  Zergling x2  
  83  6:50  Mutalisk  
  83  6:51  Mutalisk x2  
  83  6:56  Mutalisk  
  83  6:58  Mutalisk x2  
  89  7:03  Overseer  
  89  7:06  Zerg Melee Weapons Level 1  
  89  7:08  Drone x2  
  87  7:09  Drone  
  86  7:16  Drone  
  86  7:18  Drone  
  86  7:20  Drone  
  86  7:22  Queen  
  89  7:23  Queen x2  
  89  7:25  Mutalisk x2  
  90  7:32  Mutalisk  
  90  7:35  Zergling x2  
  90  7:36  Zergling x8  
  93  7:39  Zergling x2  
  93  7:41  Zergling x2  
  93  7:44  Extractor  
  92  7:45  Zergling x2  
  92  7:47  Zergling x2  
  92  7:50  Evolution Chamber  
  93  7:52  Mutalisk  
  93  7:55  Mutalisk  
  93  7:57  Mutalisk  
  93  7:58  Hatchery  
  96  8:04  Mutalisk  
  96  8:05  Drone x3  
  101  8:19  Drone x5  
  106  8:20  Overlord  
  106  8:23  Overlord  
  106  8:24  Overlord  
  106  8:27  Overlord  
  106  8:28  Baneling Nest  
  106  8:31  Overlord  
  105  8:37  Overlord  
  105  8:42  Drone x2  
  105  8:43  Mutalisk x3  
  105  8:44  Zergling x2  
  105  8:45  Zergling x2  
  105  8:48  Mutalisk x2  
  114  8:52  Mutalisk  
  114  9:05  Zergling x2  
  114  9:06  Zergling x12  
  121  9:14  Mutalisk  
  121  9:18  Mutalisk  
  119  9:30  Drone x2  
  121  9:33  Zergling x6  
  121  9:35  Drone  
  125  9:39  Drone, Overseer  
  125  9:40  Drone x2  
  130  9:57  Spawning Pool  
Show
View Real Time Build Order
Export as new Build Order

TIME Terran 

Build Orders: Reaper Expand, MMM Bio 

Get SALT Encoding   

  12  0:00  SCV  
  13  0:13  SCV  
  14  0:18  Supply Depot  
  14  0:25  SCV  
  15  0:29  Refinery  
  15  0:39  SCV  
  16  0:45  Barracks  
  16  0:51  SCV  
  17  1:03  SCV  
  18  1:16  SCV  
  19  1:32  Orbital Command  
  19  1:33  Reaper  
  20  1:44  Command Center  
  20  1:57  Factory  
  20  1:59  SCV  
  21  2:05  Refinery  
  21  2:07  Barracks Reactor  
  21  2:11  SCV  
  22  2:16  Supply Depot  
  22  2:23  SCV  
  23  2:38  SCV  
  23  2:41  Starport  
  24  2:49  Hellion x2  
  24  2:50  SCV  
  30  2:59  Orbital Command  
  30  3:01  Barracks Tech Lab  
  30  3:03  SCV  
  30  3:11  Widow Mine x2  
  34  3:15  SCV  
  34  3:19  Medivac  
  37  3:26  Supply Depot, SCV  
  38  3:33  SCV  
  40  3:42  Hellion x2  
  43  3:51  SCV  
  44  3:56  SCV  
  44  3:59  Raven  
  45  4:03  SCV  
  45  4:08  SCV  
  43  4:16  SCV  
  38  4:20  SCV  
  38  4:23  Marine x2  
  41  4:28  SCV  
  40  4:31  Command Center  
  40  4:32  SCV  
  40  4:36  Cyclone  
  40  4:40  SCV  
  40  4:41  Marine x2  
  39  4:48  Raven  
  39  4:50  SCV  
  39  4:52  SCV  
  41  4:59  Marine x2  
  40  5:07  SCV  
  40  5:08  Cyclone  
  40  5:10  SCV  
  43  5:16  Marine  
  43  5:17  Marine  
  43  5:19  SCV  
  44  5:22  SCV  
  45  5:32  SCV  
  45  5:34  Barracks, Marine x2, SCV  
  49  5:38  Barracks  
  49  5:41  Cloaking Field, Banshee  
  52  5:44  SCV  
  54  5:51  Supply Depot  
  54  5:55  SCV  
  54  5:57  Supply Depot  
  54  6:02  Factory Tech Lab  
  54  6:12  Marine x2, SCV x2  
  58  6:25  SCV x2  
  61  6:30  Barracks Tech Lab, Marine x2  
  61  6:31  Siege Tank, Barracks Tech Lab  
  64  6:37  Supply Depot, SCV x2  
  57  6:48  Marine x2  
  57  6:49  SCV x2  
  57  6:53  Banshee  
  57  6:54  Marine x2  
  55  6:56  Stimpack  
  55  7:01  SCV x2  
  58  7:06  Marine x2  
  61  7:09  Engineering Bay  
  61  7:13  SCV x2  
  61  7:15  Marine x2  
  61  7:23  Marine  
  61  7:25  SCV  
  61  7:26  SCV  
  61  7:29  Marine  
  62  7:32  Marine  
  62  7:36  Missile Turret  
  58  7:37  Missile Turret, Marine, SCV  
  58  7:40  SCV  
  58  7:41  Marine  
  58  7:43  Terran Infantry Weapons Level 1  
  58  7:45  Supply Depot  
  58  7:47  Marine  
  58  7:48  Starport Reactor  
  58  7:49  SCV  
  58  7:50  Marine  
  61  7:52  SCV  
  61  7:54  Marine  
  63  7:59  Marine  
  63  8:01  SCV  
  63  8:03  Combat Shields  
  63  8:04  Marine, SCV  
  60  8:08  Marine  
  61  8:13  Marine, SCV  
  61  8:16  Command Center  
  63  8:24  Marine  
  63  8:25  Medivac x2, Marine  
  69  8:29  Marine  
  69  8:30  Supply Depot  
  69  8:32  Marine  
  71  8:39  Engineering Bay  
  71  8:40  Refinery x2  
  71  8:42  Engineering Bay  
  71  8:43  Marine x2  
  71  8:47  Marine  
  71  8:49  Marine  
  66  8:56  Factory Reactor  
  66  9:00  SCV  
  66  9:01  Marine x2  
  62  9:05  Marine  
  62  9:07  Marine  
  62  9:08  SCV  
  60  9:16  SCV  
  56  9:18  Marine  
  56  9:19  Marine  
  56  9:20  SCV  
  56  9:23  Marine  
  54  9:25  Marine  
  54  9:28  SCV  
  55  9:32  SCV  
  55  9:36  Marine x2  
  59  9:40  SCV  
  59  9:41  Marine  
Tags
 
Add a new tag
Caveats
  • Supply blocks, unpowered buildings, or Contaminate may cause inaccurate times.
  • Supply counts are checked every 10 seconds.